 Dungeon Crawl Stone Soup version 0.20.0-8-g6b59dc7 (webtiles) character file.

3213 IcySystem the Destroyer (level 9, 0/58 HPs)
             Began as an Octopode Ice Elementalist on May 30, 2017.
             Was a Follower of Sif Muna.
             Slain by Duvessa
             ... wielding a +4 short sword of venom
              (13 damage)
             ... on level 7 of the Dungeon.
             The game lasted 00:42:35 (10267 turns).

IcySystem the Destroyer (OpIE)                     Turns: 10267, Time: 00:42:37

Health: 0/58       AC:  7    Str:  7    XL:     9   Next: 97%
Magic:  9/16       EV: 15    Int: 20    God:    Sif Muna [*.....]
Gold:   396        SH:  0    Dex: 13    Spells: 12/18 levels left

rFire    . . .     SeeInvis .   p - +2 long sword (protect)
rCold    . . .     Gourm    .   (no shield)
rNeg     . . .     Faith    .   (helmet restricted)
rPois    .         Spirit   .   (no amulet)
rElec    .         Reflect  .   y - ring of flight
rCorr    .         Harm     .   (no ring)
MR       .....                  (no ring)
Stlth    +++.......             (no ring)
Regen    0.2/turn               (no ring)
MPRegen  0.2/turn               (no ring)
                                (no ring)
                                (no ring)

@: lethally poisoned (0 -> -49), icy armour, slow
A: almost no armour, stealthy swim, amphibious, 8 rings, constrict 8, camouflage
1, gelatinous body 1
a: Divine Energy, Renounce Religion, Evoke Flight


You were on level 7 of the Dungeon.
You worshipped Sif Muna.
Sif Muna was aware of your devotion.
You were not hungry.

You visited 2 branches of the dungeon, and saw 8 of its levels.
You also visited: Ossuary.

You collected 396 gold pieces.

Inventory:

Hand Weapons
 c - a +2 hand axe of electrocution
 p - a +2 long sword of protection (weapon)
 q - a +1 hand axe of venom
 A - a +0 dagger of draining
 B - a +2 hand axe of freezing
 G - a +3 spear of flaming
Missiles
 o - 21 sling bullets
 z - 8 tomahawks (quivered)
Armour
 Q - a +2 shield
Jewellery
 y - a ring of flight (left tentacle)
 K - an uncursed amulet of magic regeneration {unknown}
Wands
 J - a wand of digging (13/24)
Scrolls
 d - 2 scrolls of enchant weapon
 e - 5 scrolls of teleportation
 g - a scroll of immolation
 h - 3 scrolls of magic mapping
 i - a scroll of recharging {unknown}
 l - 7 scrolls of remove curse
 m - 3 scrolls of noise
 C - a scroll of random uselessness {unknown}
 D - a scroll of amnesia {unknown}
 E - 3 scrolls of fog {unknown}
 F - a scroll of enchant armour {unknown}
 N - 3 scrolls of fear {unknown}
 P - a scroll of blinking {unknown}
Potions
 f - 6 potions of curing
 j - 2 potions of mutation {unknown}
 k - 4 potions of lignification
 n - 2 potions of magic {unknown}
 r - 2 potions of berserk rage {unknown}
 s - 2 potions of haste {unknown}
 t - 3 potions of might {unknown}
 u - 2 potions of degeneration {unknown}
 v - 4 potions of heal wounds
 w - 4 potions of flight
 x - a potion of ambrosia {unknown}
 I - a potion of invisibility
 L - a potion of resistance {unknown}
 M - a potion of agility {unknown}
 O - 3 potions of brilliance {unknown}
Books
 a - a book of Frost

   Spells                             Type                      Level
   a - Freeze                         Ice                          1
   b - Throw Frost                    Conjuration/Ice              2
   c - Ozocubu's Armour               Charms/Ice                   3
   d - Throw Icicle                   Conjuration/Ice              4
   e - Summon Ice Beast               Ice/Summoning                4
 H - a book of Misfortune

   Spells                             Type                      Level
   a - Confusing Touch                Hexes                        1
   b - Confuse                        Hexes                        3
   c - Gell's Gravitas                Translocation                3
   d - Petrify                        Transmutation/Earth          4
   e - Metabolic Englaciation         Hexes/Ice                    5
   f - Yara's Violent Unravelling     Hexes/Transmutation          5
Comestibles
 b - 2 bread rations


   Skills:
 + Level 4.0 Fighting
 - Level 5.1 Dodging
 - Level 2.6 Stealth
 + Level 0.0 Shields
 - Level 5.0 Spellcasting
 * Level 8.5 Conjurations
 + Level 7.6 Ice Magic


You had 12 spell levels left.
You knew the following spells:

 Your Spells              Type           Power        Failure   Level  Hunger
a - Freeze                Ice            ####         1%          1    None
b - Throw Frost           Conj/Ice       #####.       1%          2    None
c - Ozocubu's Armour      Chrm/Ice       ###.....     7%          3    ##.....


Dungeon Overview and Level Annotations

Branches:
Dungeon (7/15)             Temple (1/1) D:6

Altars:
Dithmenos
Fedhas
Kikubaaqudgha
Ru
Sif Muna
Trog
Xom
Zin
The Shining One

Shops:
D:5 [*(   D:7 %

Annotations:
D:7 Dowan, Duvessa


Innate Abilities, Weirdness & Mutations

You cannot wear most types of armour.
You are very stealthy in the water. (Stealth+)
You are amphibious.
You can wear up to eight rings at the same time.
You can use your tentacles to constrict eight enemies at once.
Your skin changes colour to match your surroundings (Stealth+).
Your rubbery body absorbs attacks. (AC +1, EV +1)


Message History

Casting: Freeze
Confirm with . or Enter, or press ? or * to list all spells.
Aiming: Freeze
Press: ? - help, Shift-Dir - straight line, f/p - Duvessa
Aim: Duvessa, wielding a short sword of venom and wearing a leather armour (moderately wounded, fast)
You freeze Duvessa.
Duvessa is heavily wounded.
You feel sick.
Duvessa hits you with a short sword of venom!
You are more poisoned.
Duvessa hits you but does no damage.
You are more poisoned.
You closely miss Duvessa. You grab Duvessa.
Duvessa is heavily wounded.
You constrict Duvessa, but do no damage.
You feel extremely sick.
Duvessa hits you with a short sword of venom!
* * * LOW HITPOINT WARNING * * *
Duvessa hits you with a short sword of venom!
You die...

# #..#....#.#####.##...###.# ## #
#..#..........#.#[..## #.# #
#..#.#..#.###.#.#.#.####.##### #
#..#.#........................ #
#..#.##.#####<#.#.#.##########
####..#.##.# #.#.#.#....#......
##....#.##)#######.#.####.#.#####
#....##........###.#.# #.#.#....
..............ee@..#.# #.#.#,###
########.......#####.# #.#.#,#.<
..................##.####.#.#,###
#######...........##......#.#,,,,
* #.................###.#,,,, *
#.................'...#,,,.
******#................[#####,,,.
,,,,,,#.#####'#.........# *,,,,
*****,#.# #...........### *,,,,


You could see Duvessa and Dowan.

Vanquished Creatures
  Menkaure (D:4)
  The ghost of IcySystem the Chiller, an amateur OpIE (D:3)
  2 orc warriors
  3 phantoms
  A sky beast (D:5)
  5 ogres
  A centaur (D:5)
  3 bullfrogs
  A scorpion (D:7)
  A howler monkey (D:5)
  A centaur zombie (Ossuary)
  4 crimson imps
  4 hounds
  3 bullfrog zombies (Ossuary)
  A jelly (D:6)
  3 orc priests
  A bullfrog skeleton (D:5)
  5 orc wizards
  4 centaur skeletons
  4 iguanas
  6 worker ants
  Natasha (thrice) (D:3)
  9 mummies (Ossuary)
  3 killer bee zombies (Ossuary)
  A hound zombie (Ossuary)
  2 hound skeletons (D:4)
  A howler monkey zombie (Ossuary)
  2 worker ant zombies (Ossuary)
  3 gnolls (D:6)
  9 adders
  4 shadow imps
  An ooze (D:1)
  4 adder zombies (Ossuary)
  An adder skeleton (D:4)
  5 worms
  5 dart slugs
  3 leopard geckos
  21 orcs
  5 bats
  2 giant cockroaches
  5 hobgoblins
  7 jackals
  7 kobolds
  A quokka (D:4)
  5 ball pythons
  6 frilled lizards
  7 goblins
  2 jackal zombies (D:7)
  A quokka skeleton (D:5)
  2 quokka zombies (Ossuary)
  8 rats
190 creatures vanquished.

Vanquished Creatures (others)
  2 withered plants (Ossuary)
2 creatures vanquished.

Grand Total: 192 creatures vanquished

Notes
Turn   | Place    | Note
-------+----------+-------------------------------------------
     0 | D:1      | IcySystem the Octopode Ice Elementalist began the quest for the Orb.
     0 | D:1      | Reached XP level 1. HP: 11/11 MP: 3/3
   117 | D:1      | Reached XP level 2. HP: 6/17 MP: 0/5
   679 | D:1      | Reached XP level 3. HP: 21/21 MP: 6/6
   794 | D:1      | Learned a level 2 spell: Throw Frost
   798 | D:1      | Learned a level 3 spell: Ozocubu's Armour
  1639 | D:2      | Found a shadowy altar of Dithmenos.
  1669 | D:2      | Reached XP level 4. HP: 27/27 MP: 2/8
  2295 | D:2      | Reached skill level 2 in Conjurations
  2295 | D:2      | Reached XP level 5. HP: 31/31 MP: 4/9
  2448 | D:3      | Noticed IcySystem's ghost (amateur OpIE)
  2703 | D:3      | Killed IcySystem's ghost
  2703 | D:3      | Reached skill level 3 in Conjurations
  2703 | D:3      | Reached XP level 6. HP: 6/36 MP: 1/10
  3228 | D:3      | Noticed Natasha
  3237 | D:3      | Killed Natasha
  3237 | D:3      | Reached skill level 4 in Conjurations
  4062 | D:3      | Reached skill level 5 in Ice Magic
  4111 | D:3      | Noticed Natasha
  4115 | D:3      | Killed Natasha
  4195 | D:3      | Noticed Natasha
  4205 | D:3      | Killed Natasha
  4304 | D:4      | Reached XP level 7. HP: 34/41 MP: 2/11
  4540 | D:4      | Reached skill level 5 in Conjurations
  5207 | D:4      | Reached skill level 6 in Conjurations
  5207 | D:4      | Reached XP level 8. HP: 46/46 MP: 4/13
  6045 | D:5      | Entered Level 5 of the Dungeon
  6045 | D:5      | Noticed Menkaure
  6058 | D:4      | Killed Menkaure
  6058 | D:4      | Reached skill level 1 in Fighting
  6231 | D:5      | Found Runum's General Store.
  6615 | D:5      | Reached skill level 7 in Conjurations
  7048 | D:5      | Found Feyleqio's Antique Weapon Shoppe.
  7060 | D:5      | Reached XP level 9. HP: 46/54 MP: 15/15
  7190 | D:5      | Found a bloodstained altar of Trog.
  7443 | D:5      | Found Hog Qoc's Antique Armour Boutique.
  7728 | D:6      | Found a staircase to the Ecumenical Temple.
  7796 | Temple   | Entered the Ecumenical Temple
  7813 | Temple   | Became a worshipper of Sif Muna the Loreminder
  9030 | D:7      | Found a sand-covered staircase.
  9103 | Ossuary  | Entered an ossuary
  9254 | Ossuary  | Reached * piety under Sif Muna
  9292 | Ossuary  | Reached skill level 5 in Spellcasting
  9292 | Ossuary  | Reached skill level 8 in Conjurations
  9819 | D:7      | Found Limut's Food Shoppe.
  9822 | D:7      | Noticed Duvessa
  9822 | D:7      | Noticed Dowan
 10080 | D:7      | Reached skill level 5 in Dodging
 10267 | D:7      | Slain by Duvessa

Skill      XL: |  1  2  3  4  5  6  7  8  9 |
---------------+----------------------------+-----
Spellcasting   | 3 4 5 |  5.0
Ice Magic      | 4 5 6 7 |  7.6
Conjurations   | 2 3 4 6 7 8 |  8.5
Fighting       | 2 4 |  4.0
Dodging        | 3 5 |  5.1
Stealth        | |  2.6

Action                   |  1- 3 |  4- 6 |  7- 9 || total
-------------------------+-------+-------+-------++-------
Melee: Constrict         |     9 |     8 |    48 ||    65
       Unarmed           |     1 |       |       ||     1
       Hand axe          |    22 |    29 |    45 ||    96
       Tentacles         |     1 |     5 |    34 ||    40
       Spear             |       |       |    42 ||    42
       Long sword        |       |       |   124 ||   124
Throw: Tomahawk          |       |       |     7 ||     7
 Cast: Freeze            |    32 |    32 |    64 ||   128
       Throw Frost       |     4 |    57 |   151 ||   212
       Ozocubu's Armour  |     1 |       |    24 ||    25
  Use: Potion            |       |     1 |       ||     1
       Scroll            |       |       |    10 ||    10
 Stab: Sleeping          |    10 |     3 |     2 ||    15
  Eat: Chunk             |     3 |    10 |    16 ||    29
       Fruit             |       |       |     4 ||     4
       Bread ration      |       |       |     1 ||     1
Armor: Skin              |     3 |     3 |    62 ||    68
Dodge: Dodged            |    37 |    24 |   158 ||   219
       Rpst.: Long sword |       |       |    39 ||    39
